 Dungeon Crawl Stone Soup version 0.21.1-1-g345015f (webtiles) character file.

39 wilfster70 the Cutter (level 3, -1/24 HPs)
             Began as a Halfling Warper on May 30, 2018.
             Slain by a jackal (2 damage)
             ... on level 2 of the Dungeon.
             The game lasted 00:03:47 (1258 turns).

wilfster70 the Cutter (Halfling Warper)             Turns: 1258, Time: 00:03:48

Health: -1/24      AC:  3    Str: 12    XL:     3   Next: 67%
Magic:  6/6        EV: 19    Int: 12    God:
Gold:   58         SH:  0    Dex: 18    Spells: 2/6 levels left

rFire    . . .     SeeInvis .   a - +0 short sword
rCold    . . .     Gourm    .   (shield restricted)
rNeg     . . .     Faith    .   b - +0 leather armour
rPois    .         Spirit   .   (no helmet)
rElec    .         Reflect  .   (no cloak)
rCorr    .         Harm     .   (no gloves)
MR       .....                  (no boots)
Stlth    ++........             (no amulet)
HPRegen  0.08/turn              (no ring)
MPRegen  0.10/turn              (no ring)

@: agile, very slightly contaminated, invisible
A: small, mutation resistance 1
a: no special abilities


You were on level 2 of the Dungeon.
You were not hungry.

You visited 1 branch of the dungeon, and saw 2 of its levels.

You collected 58 gold pieces.

Inventory:

Hand Weapons
 a - a +0 short sword (weapon)
Missiles
 e - 5 tomahawks of dispersal (quivered)
 h - 65 stones
Armour
 b - a +0 leather armour (worn)
Scrolls
 d - 2 scrolls of blinking
 i - a scroll of identify {unknown}
 j - a scroll of immolation {unknown}
 m - a scroll of teleportation {unknown}
Books
 c - a book of Spatial Translocations

   Spells                             Type                      Level
   a - Blink                          Translocation                2
   b - Shroud of Golubria             Charms/Translocation         2
   c - Lesser Beckoning               Translocation                3
   d - Gell's Gravitas                Translocation                3
   e - Teleport Other                 Translocation                3
   f - Passage of Golubria            Translocation                4
Comestibles
 f - 2 rations


   Skills:
 - Level 1.7 Fighting
 + Level 3.6 Short Blades
 - Level 1.0 Throwing
 - Level 1.1 Armour
 - Level 2.1 Dodging
 + Level 2.3 Spellcasting
 - Level 3.2 Translocations


You had 2 spell levels left.
You knew the following spells:

 Your Spells              Type           Power        Failure   Level  Hunger
a - Blink                 Tloc           N/A          13%         2    ###....
b - Shroud of Golubria    Chrm/Tloc      #.........   26%         2    ###....


Dungeon Overview and Level Annotations

Branches:
Dungeon (2/15)

Altars:


Innate Abilities, Weirdness & Mutations

You are small and have problems with some larger weapons.
You are somewhat resistant to further mutation.


Message History

The hobgoblin is heavily wounded.
The jackal bites you.
* * * LOW HITPOINT WARNING * * *
The frilled lizard closely misses you. The jackal misses you.
The hobgoblin hits you.
* * * LOW HITPOINT WARNING * * *
You hit the hobgoblin.
You kill the hobgoblin!
The jackal misses you. The jackal barely misses you.
The frilled lizard closely misses you. The jackal barely misses you.
Unknown command.
It was a potion of invisibility.
You fade into invisibility!
The jackal closely misses you. The frilled lizard closely misses you.
The jackal completely misses you. x2
You are very lightly contaminated with residual magic.
It was a potion of agility.
You feel agile all of a sudden. The jackal completely misses you.
The jackal bites you.
You die...

#. #. ## ###.
#.. ... #.#.#..
. #...... ...
#.#...h###.....
.....bh@.......
#.#...l###.....
#.....# ...
#..... . #..#.
#. #. # . .#


You could see 2 jackals, a bat and a frilled lizard.

Vanquished Creatures
  4 leopard geckos (D:1)
  4 bats (D:1)
  3 giant cockroaches (D:1)
  7 goblins (D:1)
  3 hobgoblins
  A jackal (D:2)
  4 kobolds (D:1)
  5 rats (D:1)
31 creatures vanquished.

Notes
Turn   | Place    | Note
-------+----------+-------------------------------------------
     0 | D:1      | wilfster70 the Halfling Warper began the quest for the Orb.
     0 | D:1      | Reached XP level 1. HP: 14/14 MP: 3/3
   259 | D:1      | Reached XP level 2. HP: 18/19 MP: 4/4
   269 | D:1      | Learned a level 2 spell: Blink
   272 | D:1      | Learned a level 2 spell: Shroud of Golubria
   723 | D:1      | Reached XP level 3. HP: 24/24 MP: 6/6
  1255 | D:2      | HP: 1/24 [hobgoblin (3)]
  1258 | D:2      | Slain by a jackal

Skill      XL: |  1  2 |
---------------+-------+-----
Short Blades   | 3 |  3.6
Spellcasting   | 2 |  2.3
Fighting       | |  1.7
Throwing       | |  1.0
Armour         | |  1.1
Dodging        | |  2.1
Translocations | |  3.2

Action                   || total
-------------------------++-------
Melee: Short sword       ||   116
  Use: Potion            ||     2
  Eat: Chunk             ||     1
Armor: Leather armour    ||    50
Dodge: Dodged            ||   156
